 Dungeon Crawl Stone Soup version 0.30-a0-859-gf88a04b62d (webtiles) character file.

Game seed: 2469815686743217412

488 NinjaNoafa the Magician (level 6, -4/45 HPs)
             Began as a Draconian Air Elementalist on Mar 6, 2023.
             Was an Elder of Cheibriados.
             Slain by a sky beast (5 damage)
             ... on level 7 of the Dungeon.
             The game lasted 00:09:35 (3140 turns).

NinjaNoafa the Magician (DrAE)                      Turns: 3140, Time: 00:09:36

Health: -4/45      AC:  7    Str: 20    XL:     6   Next: 90%
Magic:  1/12       EV: 12    Int: 33    God:    Cheibriados [****..]
Gold:   178        SH:  0    Dex: 22    Spells: 6/13 levels left

rFire   . . .      SeeInvis .    b - +0 short sword (venom)
rCold   . . .      Faith    .    (no shield)
rNeg    . . .      Spirit   .    (body armour unavailable)
rPois   +          Reflect  .    (helmet restricted)
rElec   .          Rampage  .    (no cloak)
rCorr   .                        k - +0 pair of gloves
Will    .....                    (no boots)
Stlth   ++                       (no amulet)
HPRegen 0.27/turn                h - +6 ring of intelligence
MPRegen 0.13/turn                i - ring of poison resistance

@: hasted, slow
A: AC +6, unfitting armour, cold-blooded
a: Renounce Religion, Bend Time, Temporal Distortion, Slouch


You were on level 7 of the Dungeon.
You worshipped Cheibriados.
Cheibriados was greatly pleased with you.
You visited 1 branch of the dungeon, and saw 5 of its levels.
You also visited: Sewer.

You collected 178 gold pieces.

Inventory:

Hand Weapons
 b - a +0 short sword of venom (weapon)
Missiles
 e - 14 poisoned darts
 r - 4 atropa-tipped darts
 s - 4 curare-tipped darts
Armour
 k - a +0 pair of gloves (worn)
Magical Staves
 a - a staff of air
Jewellery
 h - a +6 ring of intelligence (left hand)
 i - a ring of poison resistance (right hand)
Scrolls
 c - 3 scrolls of poison
 g - a scroll of vulnerability {unknown}
 l - a scroll of teleportation {unknown}
 m - a scroll of brand weapon {unknown}
 q - 2 scrolls of immolation
 y - a scroll of summoning {unknown}
 z - a scroll of acquirement {unknown}
 A - a scroll of blinking {unknown}
 C - a scroll of enchant armour {unknown}
Potions
 d - a potion of magic
 j - a potion of degeneration {unknown}
 n - a potion of lignification {unknown}
 o - a potion of invisibility {unknown}
 p - 3 potions of curing
 t - 2 potions of mutation
 u - a potion of heal wounds
 v - 2 potions of haste
 w - a potion of attraction {unknown}
 x - a potion of cancellation {unknown}
 B - a potion of flight {unknown}
 D - a potion of brilliance {unknown}


   Skills:
 - Level 1.7 Dodging
 - Level 1.7 Stealth
 + Level 4.4 Spellcasting
 - Level 4.3 Conjurations
 + Level 4.3 Air Magic
 + Level 1.4 Invocations


You had 6 spell levels left.
You knew the following spells:

 Your Spells              Type           Power      Damage    Failure   Level
a - Shock                 Conj/Air       100%       1d9       1%          1
b - Static Discharge      Conj/Air       72%        2-5/arc   1%          2
c - Airstrike             Air            18%        2d(3-19)  9%          4

Your spell library contained the following spells:

 Spells                   Type           Power      Damage    Failure   Level
 Swiftness                Air            36%        N/A       2%          3
 Ensorcelled Hibernation  Hex/Ice        14%        N/A       8%          2


Dungeon Overview and Level Annotations

Branches:
Dungeon (4/15)              Sewer (visited)
 Temple: D:4-7

Altars:
Cheibriados
Trog
Wu Jian

Shops:
D:2 (

Annotations:
D:2 1 runed translucent door, Crazy Yiuf
D:7 2 transporters, Selderis's ghost, novice GnFi


Innate Abilities, Weirdness & Mutations

Your plain brown scales are hard. (AC +6)
You cannot fit into any form of body armour.
You are cold-blooded and may be slowed by cold attacks.


Message History

You hear some strange, mumbled words.
Deactivating autopickup; reactivate with Ctrl-A.
Something tries to affect you, but you resist.
As you read the scroll of identify, it crumbles to dust.
t - 2 potions of mutation The sky beast flickers out of sight!
Something hits you but does no damage. x2
As you read the scroll of identify, it crumbles to dust.
u - 2 potions of heal wounds You feel much better.
Something completely misses you. Something hits you but does no damage.
You closely miss something. Something hits you. Something shocks you.
You hear some strange, mumbled words.
Something tries to affect you, but you resist.
You hit something. You closely miss something.
Your tail-slap misses something.
Something hits you. Something shocks you.
* * * LOW HITPOINT WARNING * * *
Something hits you.
* * * LOW HITPOINT WARNING * * *
Casting: Airstrike (quite dangerous; 9% risk of failure)
Confirm with . or Enter, or press ? or * to list all spells.
You can't see any susceptible monsters within range! (Use Z to cast anyway.)
Casting: Airstrike (quite dangerous; 9% risk of failure)
Confirm with . or Enter, or press ? or * to list all spells.
Something is struck by an arc of lightning.
Something hits you.
* * * LOW HITPOINT WARNING * * *
Something shocks you.
* * * LOW HITPOINT WARNING * * *
Something hits you but does no damage.
You barely miss something.
Your tail-slap misses something.
You hit something but do no damage.
You hear some strange, mumbled words.
A puff of flame appears from out of thin air!
The puff of flame hits you.
* * * LOW HITPOINT WARNING * * *
Something hits you.
* * * LOW HITPOINT WARNING * * *
Something shocks you.
You die...

#.))†..#
#.~....#
#......#
#......#####.
#............
#............
####.........
#{{.......
#.@.......
#.........
#.........
##......##
....#### #
....# # ....#
#######
......
......#


There were no monsters in sight!

Vanquished Creatures
  A water moccasin (D:7)
  A centaur (D:7)
  A jelly (D:3)
  Jessica (D:3)
  12 adders
  3 river rats (Sewer)
  A dart slug (D:2)
  7 orcs
  5 endoplasms
  A giant cockroach (D:3)
  4 goblins
  5 hobgoblins
  23 kobolds
  4 quokkas (D:3)
  10 ball pythons
  5 bats
  4 frilled lizards
  28 rats
116 creatures vanquished.

Notes
Turn   | Place    | Note
-------+----------+-------------------------------------------
     0 | D:1      | NinjaNoafa the Draconian Air Elementalist began the quest
                  | for the Orb.
     0 | D:1      | Reached XP level 1. HP: 14/14 MP: 3/3
   153 | D:1      | Found a faded altar of an unknown god.
   415 | D:1      | Reached XP level 2. HP: 13/20 MP: 3/5
   644 | D:1      | Prayed at the altar of an unknown god.
   644 | D:1      | Became a worshipper of Cheibriados the Contemplative
   644 | D:1      | Reached * piety under Cheibriados
   838 | D:2      | Learned a level 2 spell: Static Discharge
   873 | D:2      | Reached XP level 3. HP: 16/26 MP: 1/6
   909 | D:2      | Found Vomim's Antique Weapon Shop.
  1213 | D:2      | Found a runed translucent door.
  1214 | D:2      | Noticed Crazy Yiuf
  1307 | D:3      | Reached XP level 4. HP: 4/33 MP: 2/7
  1402 | D:3      | Found an ornate altar of the Wu Jian Council.
  1443 | D:3      | Reached ** piety under Cheibriados
  1485 | D:3      | Found a glowing drain.
  1504 | D:3      | Reached XP level 5. HP: 30/38 MP: 1/9
  1509 | Sewer    | Entered a sewer
  1660 | Sewer    | Reached *** piety under Cheibriados
  1872 | Sewer    | Reached **** piety under Cheibriados
  2123 | D:3      | Learned a level 4 spell: Airstrike
  2320 | D:3      | Noticed Jessica
  2322 | D:3      | Killed Jessica
  2323 | D:3      | Reached XP level 6. HP: 45/45 MP: 5/12
  2333 | D:3      | Got Jessica's Lessons on Spellbinding
  2982 | D:4      | You fall into a shaft and drop 3 floors!
  3037 | D:7      | Found a transporter.
  3041 | D:7      | Found a bloodstained altar of Trog.
  3042 | D:7      | Found a transporter.
  3052 | D:7      | Noticed Selderis's ghost (novice GnFi)
  3053 | D:7      | Noticed a moth of wrath
  3095 | D:7      | Noticed a water moccasin
  3098 | D:7      | Killed a water moccasin
  3099 | D:7      | Reached skill level 1 in Invocations
  3104 | D:7      | Noticed a sky beast
  3140 | D:7      | HP: 1/45 [something (3)]
  3140 | D:7      | Slain by a sky beast

Illustrated notes

Levels and vault maps discovered:
D:1:      lightli_arrival_lavapool, layout_loops_cross,
          chequers_ecumenical_altar_twisty
D:2:      layout_rooms, serial_shops, shop, minivault_4,
          minmay_misc_feat_secret_circle, uniq_crazy_yiuf_cottage
D:3:      layout_loops_ring, nicolae_wu_jian_wuxing_cycle,
          gup_sewer_entry_glass, kennysheep_jessica_study
D:4:      layout_loops_corners, grunt_temple_overflow_open,
          minmay_goblin_kobold_house
D:7:      layout_basic, fedhas_ov_isle_minmay, gammafunk_ghost_wrathful_warriors

Skill      XL: |  1  2  3  4  5  6 |
---------------+-------------------+-----
Conjurations   | 2 3 4 |  4.3
Spellcasting   | 3 4 |  4.4
Air Magic      | 4 |  4.3
Invocations    | 1 |  1.4
Dodging        | |  1.7
Stealth        | |  1.7

Action                     |  1- 3 |  4- 6 || total
---------------------------+-------+-------++-------
  Melee: Spear             |    30 |       ||    30
         Tailslap          |     2 |    11 ||    13
         Short sword       |    13 |    93 ||   106
         Staff             |       |     6 ||     6
         Punch             |       |     1 ||     1
   Cast: Shock             |    27 |    14 ||    41
         Static Discharge  |     5 |    24 ||    29
         Airstrike         |       |     8 ||     8
    Use: Scroll            |       |     4 ||     4
         Potion            |       |     3 ||     3
   Stab: Sleeping          |     1 |     3 ||     4
 Armour: Skin              |    19 |    81 ||   100
  Dodge: Dodged            |    52 |    90 ||   142

Table legend: (Time is in decaauts)
 A = Elapsed time spent in this place.
 B = Non-inter-level travel time spent in this place.
 C = Inter-level travel time spent in this place.
 D = Time resting spent in this place.
 E = Time spent auto-exploring this place.
 F = Levels seen in this place.
 G = Mean time per level.
                   A        B        C        D        E       F      G
               +--------+--------+--------+--------+--------+-----+--------+
         Total |   4408 |   4202 |    206 |      0 |   2400 |   6 |  734.7 |
       Dungeon |   3517 |   3311 |    206 |      0 |   2036 |   5 |  703.4 |
         Sewer |    891 |    891 |      0 |      0 |    364 |   1 |  891.0 |
               +--------+--------+--------+--------+--------+-----+--------+

Top non-repeatable levels by time:
     D:3: 1318 daAuts
   Sewer: 891 daAuts
     D:2: 801 daAuts
     D:1: 732 daAuts
     D:4: 420 daAuts
     D:7: 243 daAuts
